 Dungeon Crawl Stone Soup version 0.17.1-1-g73c8601 (webtiles) character file.

82 shmeve the Shield-Bearer (level 4, 0/37 HPs)
             Began as a Formicid Fighter on Apr 23, 2016.
             Succumbed to an adder's poison
             ... on level 2 of the Dungeon.
             The game lasted 00:02:48 (1369 turns).

shmeve the Shield-Bearer (Formicid Fighter)         Turns: 1369, Time: 00:02:48

Health: 0/37       AC:  9    Str: 21    XL:     4   Next: 70%
Magic:  4/4        EV:  8    Int: 15    God:
Gold:   82         SH:  9    Dex: 10    Spells: 0 memorised, 3 levels left

rFire  + . .     SeeInvis +     a - +0 war axe
rCold  . . .     Clarity  .     b - +0 scale mail
rNeg   . . .     SustAt   .     c - +0 shield
rPois  .         Gourm    .     (helmet unavailable)
rElec  .         Spirit   .     (no cloak)
rCorr  .         Warding  .     j - +0 pair of gloves (curse)
rMut   .         Stasis   +     f - +0 pair of boots
MR     .....                    (no amulet)
Stlth  ..........               (no ring)
                                (no ring)

@: brilliant, lethally poisoned (0 -> -3), not resistant to hostile
enchantments, extremely unstealthy
A: permanent stasis, dig shafts and tunnels, four strong arms, antennae 3,
clever 1, fire resistance 1, screaming 1
a: Dig, Shaft Self


You were on level 2 of the Dungeon.
You were hungry.

You visited 1 branch of the dungeon, and saw 2 of its levels.

You collected 82 gold pieces.

Inventory:

Hand Weapons
 a - a +0 war axe (weapon)
Armour
 b - a +0 scale mail (worn)
 c - a +0 shield (worn)
 f - a +0 pair of boots (worn)
 j - a cursed +0 pair of gloves (worn)
Scrolls
 g - a scroll of remove curse {unknown}
 h - a scroll of identify {unknown}
 i - a scroll of amnesia {unknown}
 k - a scroll of teleportation {unknown}
 l - a scroll of noise {unknown}
Potions
 d - 2 potions of might
Comestibles
 e - 2 bread rations
 n - a meat ration
 o - 4 fruits


   Skills:
 * Level 4.1 Fighting
 * Level 2.6 Axes
 + Level 3.6 Armour
 + Level 1.0 Dodging
 * Level 4.3 Shields


You had 3 spell levels left.
You didn't know any spells.

Dungeon Overview and Level Annotations

Branches:
Dungeon (2/15)

Altars:
The Shining One


Innate Abilities, Weirdness & Mutations

You are under a permanent stasis effect.
You can dig through walls and to a lower floor.
Your four strong arms can wield two-handed weapons with a shield.
You have a pair of large antennae on your head (SInv).
Your mind is acute. (Int +2)
Your flesh is heat resistant.
You occasionally shout uncontrollably at your foes.


Message History

You feel sick. You block the adder's attack.
You closely miss the adder.
The adder is heavily wounded.
* * * LOW HITPOINT WARNING * * *
You feel sick. The adder bites you but does no damage.
The adder bites you but does no damage.
You slash the adder!
You kill the adder!
* * * LOW HITPOINT WARNING * * *
You feel sick.
* * * LOW HITPOINT WARNING * * *
You feel sick.
* * * LOW HITPOINT WARNING * * *
You feel sick.
You see here a bubbling golden potion.
m - a bubbling golden potion Drink which item? (? for menu, Esc to quit)
It was a potion of brilliance.
You feel clever all of a sudden.
You die...

#.# #.#.## #.#
#.>..##.### #.#
#.....######## #.#
#..###.†?....#
####.## #. #.†.....#
##...... #
#.......####...####
#.. #..............#
#....#.......####...#
#.....@.....# ##)##
###.........# #.# ###
#..###.########.#
##.## #..
#..##.......# #._.#
### #.###.#######
########.###### #.#
#...# .##...........#
#.# ###.#
.###....#....## #.#
#.# .# ##..###..##
#.# ##.##


There were no monsters in sight!

Vanquished Creatures
  3 adders (D:2)
  A worm (D:2)
  5 giant geckos
  5 bats
  4 giant cockroaches
  6 goblins
  A hobgoblin (D:1)
  4 jackals (D:1)
  2 kobolds (D:1)
  4 ball pythons
  2 giant newts
  7 rats
44 creatures vanquished.

Notes
Turn   | Place    | Note
--------------------------------------------------------------
     0 | D:1      | shmeve the Formicid Fighter began the quest for the Orb.
     0 | D:1      | Reached XP level 1. HP: 18/18 MP: 1/1
    47 | D:1      | Reached XP level 2. HP: 14/24 MP: 2/2
   260 | D:1      | Reached skill level 4 in Shields
   291 | D:1      | Reached XP level 3. HP: 24/29 MP: 3/3
  1052 | D:2      | Found a glowing golden altar of the Shining One.
  1097 | D:2      | Reached skill level 1 in Dodging
  1097 | D:2      | Reached XP level 4. HP: 28/37 MP: 4/4
  1360 | D:2      | Gained mutation: Your flesh is heat resistant. [potion of mutation]
  1360 | D:2      | Gained mutation: You occasionally shout uncontrollably at your foes. [potion of mutation]
  1360 | D:2      | Gained mutation: Your mind is acute. (Int +2) [potion of mutation]
  1364 | D:2      | HP: 1/37 [poisoned by an adder]
  1369 | D:2      | Succumbed to an adder's poison

Action                   |  1- 3 |  4- 6 || total
-------------------------+-------+-------++-------
Melee: War axe           |   104 |    30 ||   134
  Use: Potion            |       |     2 ||     2
  Eat: Chunk             |     1 |       ||     1
